 Dungeon Crawl Stone Soup version 0.27-a0-1191-g601b473118 (webtiles) character file.

Game seed: 11946488612114392101

22836 shoop the Grappler (level 12, -2/118 HPs)
             Began as a Troll Hunter on May 23, 2021.
             Was the Champion of Dithmenos.
             Slain by a seven-headed hydra (10 damage)
             ... on level 1 of the Lair of Beasts.
             The game lasted 00:37:24 (13097 turns).

shoop the Grappler (Troll Hunter)                  Turns: 13097, Time: 00:37:25

Health: -2/118     AC: 13    Str: 23    XL:     12   Next: 66%
Magic:  19/19      EV: 11    Int:  7    God:    Dithmenos [******]
Gold:   346        SH:  0    Dex: 14    Spells: 11/11 levels left

rFire    . . .     SeeInvis .     - Unarmed
rCold    . . .     Faith    .   (no shield)
rNeg     . . .     Spirit   .   J - +0 troll leather armour
rPois    .         Reflect  .   H - +1 hat
rElec    .         Harm     .   K - +1 cloak
rCorr    .         Rampage  .   (gloves unavailable)
Will     +....                  (boots unavailable)
Stlth    ++........             t - amulet of the acrobat
HPRegen  2.29/turn              I - +4 ring of protection
MPRegen  0.16/turn              M - ring of willpower

@: wreathed by umbra
A: large, unfitting armour, claws 3, regeneration 1, shaggy fur 1, tough skin 1
a: Renounce Religion, Shadow Step, Shadow Form


You were on level 1 of the Lair of Beasts.
You worshipped Dithmenos.
Dithmenos was exalted by your worship.
You visited 3 branches of the dungeon, and saw 14 of its levels.
You also visited: Ossuary.

You collected 1256 gold pieces.
You spent 910 gold pieces at shops.

Inventory:

Missiles
 c - a large rock (quivered)
 d - a throwing net
 o - 2 silver boomerangs
 E - 2 javelins
 F - 7 datura-tipped darts
 O - 41 boomerangs
 Q - 8 boomerangs of dispersal
Armour
 b - a +0 robe
 D - +0 acid dragon scales
 H - a +1 hat (worn)
 J - a +0 troll leather armour (worn)
 K - a +1 cloak (worn)
 P - a +2 robe of positive energy
Jewellery
 j - an amulet of regeneration
 t - an amulet of the acrobat (around neck)
 A - a ring of magical power
 I - a +4 ring of protection (left claw)
 M - a ring of willpower (right claw)
 N - an amulet of faith
Wands
 p - a wand of acid (5)
 s - a wand of flame (16)
 w - a wand of charming (11)
Scrolls
 e - 2 scrolls of magic mapping {unknown}
 g - 2 scrolls of acquirement {unknown}
 i - a scroll of summoning
 k - 4 scrolls of teleportation
 n - a scroll of vulnerability
 q - 4 scrolls of enchant armour
 u - a scroll of torment
 y - 2 scrolls of fear
 B - a scroll of fog
 L - 3 scrolls of noise
 S - a scroll of immolation
 T - a scroll of holy word
Potions
 a - 8 potions of curing
 f - 3 potions of brilliance {unknown}
 h - 3 potions of cancellation
 l - 6 potions of heal wounds
 m - 2 potions of degeneration
 r - 3 potions of lignification
 v - 5 potions of ambrosia {unknown}
 x - 3 potions of flight
 z - 2 potions of mutation
 C - a potion of attraction
 G - a potion of haste
 R - a potion of magic
 U - a potion of resistance {unknown}


   Skills:
 - Level 7.1 Fighting
 - Level 6.8 Throwing
 - Level 2.7 Armour
 - Level 4.2 Dodging
 - Level 0.3 Stealth
 - Level 11.6 Unarmed Combat
 + Level 10.7 Invocations
 - Level 5.0 Evocations


You had 11 spell levels left.
You didn't know any spells.
Your spell library contained the following spells:

 Spells                   Type           Power      Damage    Failure   Level
 Freeze                   Ice            0%         1d3       47%         1
 Shock                    Conj/Air       0%         1d3       47%         1
 Ensorcelled Hibernation  Hex/Ice        0%         N/A       63%         2
 Static Discharge         Conj/Air       0%         N/A       63%         2
 Confusing Touch          Hex            0%         N/A       85%         3
 Frozen Ramparts          Ice            0%         1d2       85%         3
 Gell's Gravitas          Tloc           0%         N/A       85%         3
 Ozocubu's Armour         Ice            0%         N/A       85%         3
 Swiftness                Air            0%         N/A       85%         3
 Airstrike                Air            0%         N/A       99%         4
 Animate Armour           Summ/Erth      0%         N/A       99%         4
 Hailstorm                Conj/Ice       0%         3d3       99%         4
 Ice Form                 Ice/Tmut       0%         N/A       99%         4
 Petrify                  Tmut/Erth      0%         N/A       99%         4
 Summon Ice Beast         Ice/Summ       0%         N/A       99%         4
 Borgnjor's Vile Clutch   Necr/Erth      0%         N/A       100%        5
 Lightning Bolt           Conj/Air       0%         1d11      100%        5
 Metabolic Englaciation   Hex/Ice        0%         N/A       100%        5
 Silence                  Hex/Air        0%         N/A       100%        5
 Yara's Violent Unravell  Hex/Tmut       0%         3d3       100%        5
 Freezing Cloud           Conj/Ice/Air   0%         6-21      100%        6
 Shadow Creatures         Summ           N/A        N/A       100%        6
 Simulacrum               Ice/Necr       0%         N/A       100%        6
 Ozocubu's Refrigeration  Ice            0%         4d5       100%        7


Dungeon Overview and Level Annotations

Branches:
Dungeon (11/15)            Temple (0/1) D:6            Lair (1/6) D:11
    Orc (2/2) D:11            Elf (0/3) Orc:2       Ossuary (visited)

Altars:
Ashenzari
Dithmenos
Elyvilon
Makhleb
Ru
Sif Muna
Trog
Vehumet
Xom
Yredelemnul
Zin
The Shining One
Beogh

Shops:
D:2 *(   D:8 !?!(   D:9 [   D:11 (   Orc:2 =![:?

Annotations:
D:9 Erica


Innate Abilities, Weirdness & Mutations

You are too large for most types of armour.
You have claws for hands.
Your natural rate of healing is unusually fast.
You are covered in fur. (AC +1)
You have tough skin. (AC +1)


Message History

The seven-headed hydra barely misses you.
The seven-headed hydra closely misses you.
The seven-headed hydra bites you.
The seven-headed hydra bites you but does no damage. x2
The seven-headed hydra bites you!
The seven-headed hydra bites you but does no damage.
Throw: 3 large rocks
Press: ? - help, Q - select action, (/) - cycle Shift-Dir - straight line, f/p - seven-headed hydra
Aim: a seven-headed hydra (moderately wounded, umbra, 81% to hit)
You throw a large rock.
The large rock hits the seven-headed hydra!
The seven-headed hydra is heavily wounded.
The seven-headed hydra closely misses you.
The seven-headed hydra bites you but does no damage.
The seven-headed hydra bites you. The seven-headed hydra bites you!
The seven-headed hydra bites you. x3
The seven-headed hydra bites you but does no damage.
The seven-headed hydra bites you.
The seven-headed hydra closely misses you. x2
The seven-headed hydra bites you but does no damage.
The seven-headed hydra bites you!
The seven-headed hydra barely misses you.
Throw: 2 large rocks
Press: ? - help, Q - select action, (/) - cycle Shift-Dir - straight line, f/p - seven-headed hydra
Aim: a seven-headed hydra (heavily wounded, umbra, 81% to hit)
You throw a large rock.
The large rock hits the seven-headed hydra!!
The seven-headed hydra is almost dead.
The seven-headed hydra bites you. x2
* * * LOW HITPOINT WARNING * * *
The seven-headed hydra bites you but does no damage.
The seven-headed hydra bites you.
* * * LOW HITPOINT WARNING * * *
The seven-headed hydra bites you but does no damage.
The seven-headed hydra bites you!
* * * LOW HITPOINT WARNING * * *
The seven-headed hydra bites you!
* * * LOW HITPOINT WARNING * * *
The seven-headed hydra bites you!
You die...

.. .# ... .. ## ...>
.## ##.+..... ...
###........ #.#
#...#P..... ####
#.###.### .F.Y. #
##..#####.#...# ...Y
...##P#.....D@.....##
..Y
..........#.##P.####
.. ...###########.[#
.# ##.# .# #†# .##
#####'### ..#
#...>...# #####..#
#.......# #..<....
#.......P# ##.......


You could see a seven-headed hydra.

Vanquished Creatures
  An orc warlord (Orc:2)
  A two-headed ogre (D:11)
  An orc high priest (Orc:2)
  An orc sorcerer (Orc:2)
  9 orc knights
  Joseph (D:10)
  An elephant (D:11)
  A cane toad (Lair:1)
  Maggie (D:9)
  5 trolls
  3 hornets
  14 yaks
  Sigmund (D:5)
  2 wyverns
  A wraith (D:11)
  A basilisk (D:11)
  Edmund (D:5)
  10 wargs
  An acid dragon (D:8)
  2 water moccasins (D:6)
  Duvessa (D:5)
  34 orc warriors
  3 ice beasts
  2 black bears
  2 sky beasts (D:7)
  3 necrophages
  10 ogres
  4 centaurs
  2 phantoms
  A kobold brigand (D:9)
  An elf zombie (Ossuary)
  A bullfrog (Lair:1)
  3 elf skeletons (D:8)
  A wyvern skeleton (D:5)
  Dowan (D:5)
  4 scorpions
  A gnoll sergeant (D:7)
  14 wights
  5 killer bees (D:7)
  2 howler monkeys (D:9)
  A bullfrog zombie (D:5)
  A crimson imp (D:4)
  10 centaur zombies
  A human zombie (D:8)
  12 orc priests
  3 hounds
  Crazy Yiuf (D:5)
  2 centaur skeletons
  A gnoll shaman (D:3)
  Terence (D:2)
  A human skeleton (D:8)
  4 iguanas
  16 orc wizards
  A killer bee zombie (D:6)
  2 hound skeletons
  2 mummies (Ossuary)
  A howler monkey zombie (D:6)
  13 gnolls
  7 adders
  A howler monkey skeleton (D:5)
  A shadow imp (D:7)
  A white imp (D:6)
  2 adder zombies (Ossuary)
  4 worms
  5 dart slugs
  68 orcs
  4 endoplasms
  9 goblins
  3 hobgoblins (D:1)
  5 jackals
  4 quokkas
  5 ball pythons
  4 bats
  8 frilled lizards
  2 goblin zombies (Ossuary)
  12 hobgoblin zombies (Ossuary)
  A jackal zombie (Ossuary)
  13 kobolds
  10 kobold zombies (Ossuary)
  An orc skeleton (D:8)
  7 orc zombies (Ossuary)
  7 rats
410 creatures vanquished.

Vanquished Creatures (others)
  A yak (D:8)
  A fungus (Lair:1)
  7 plants
9 creatures vanquished.

Grand Total: 419 creatures vanquished

Notes
Turn   | Place    | Note
-------+----------+-------------------------------------------
     0 | D:1      | shoop the Troll Hunter began the quest for the Orb.
     0 | D:1      | Reached XP level 1. HP: 19/19 MP: 0/0
   122 | D:1      | Found a faded altar of an unknown god.
   157 | D:1      | Reached XP level 2. HP: 28/28 MP: 1/1
   191 | D:1      | Reached skill level 1 in Unarmed Combat
   284 | D:2      | Reached XP level 3. HP: 35/35 MP: 2/2
   284 | D:2      | Found Ekhi's Assorted Antiques.
   284 | D:2      | Noticed Terence
   330 | D:2      | Killed Terence
   466 | D:1      | Reached skill level 2 in Unarmed Combat
   858 | D:2      | Reached XP level 4. HP: 43/44 MP: 3/3
  1108 | D:2      | Found Plog's Antique Weapon Shop.
  1616 | D:3      | Reached XP level 5. HP: 53/53 MP: 4/4
  1617 | D:3      | Reached skill level 3 in Unarmed Combat
  1790 | D:3      | Found a shadowy altar of Dithmenos.
  1839 | D:3      | Became a worshipper of Dithmenos the Shadowed
  2014 | D:3      | Reached XP level 6. HP: 51/62 MP: 5/5
  2220 | D:4      | Reached skill level 4 in Unarmed Combat
  2348 | D:4      | Found a basalt altar of Yredelemnul.
  2448 | D:4      | Reached * piety under Dithmenos
  2547 | D:4      | Found a burning altar of Makhleb.
  2548 | D:4      | Found a shimmering altar of Xom.
  2577 | D:4      | Found a white marble altar of Elyvilon.
  2696 | D:4      | Identified the +1 leather armour of Wewiclaf {Will+}
  2802 | D:5      | Entered Level 5 of the Dungeon
  2864 | D:5      | Noticed Sigmund
  2870 | D:5      | Killed Sigmund
  2871 | D:5      | Reached skill level 5 in Unarmed Combat
  2871 | D:5      | Reached XP level 7. HP: 68/71 MP: 6/6
  2892 | D:5      | Reached skill level 5 in Fighting
  2946 | D:5      | Reached skill level 6 in Unarmed Combat
  3026 | D:5      | Found a bloodstained altar of Trog.
  3285 | D:5      | Noticed Dowan
  3286 | D:5      | Noticed Duvessa
  3294 | D:5      | Killed Duvessa
  3295 | D:5      | Reached skill level 7 in Unarmed Combat
  3295 | D:5      | Reached XP level 8. HP: 80/80 MP: 7/7
  3312 | D:5      | Killed Dowan
  3362 | D:5      | Noticed Edmund
  3398 | D:5      | Found a runed translucent door.
  3399 | D:5      | Noticed Crazy Yiuf
  3404 | D:5      | Killed Crazy Yiuf
  3409 | D:5      | Identified the +4 mace "String" {venom, rElec}
  3604 | D:5      | Killed Edmund
  3604 | D:5      | Reached ** piety under Dithmenos
  3605 | D:5      | Reached skill level 8 in Unarmed Combat
  4014 | D:2      | Bought a scroll labelled OHEIMY BILIF for 27 gold pieces
  4014 | D:2      | Bought a sedimented red potion for 24 gold pieces
  4014 | D:2      | Bought a short wooden wand for 108 gold pieces
  4014 | D:2      | Bought a blackened sapphire amulet for 135 gold pieces
  4122 | D:5      | Reached skill level 1 in Evocations
  4202 | D:5      | Reached skill level 9 in Unarmed Combat
  4375 | D:6      | Found a staircase to the Ecumenical Temple.
  4388 | D:6      | Reached XP level 9. HP: 87/88 MP: 8/8
  4608 | D:6      | Found a sacrificial altar of Ru.
  4809 | D:6      | Reached skill level 10 in Unarmed Combat
  5422 | D:7      | Found a broken altar of Ashenzari.
  5812 | D:7      | Found a glowing silver altar of Zin.
  5844 | D:7      | Reached *** piety under Dithmenos
  5920 | D:7      | Identified the +1 leather armour of Vaurr {rPois Regen+
                  | Dex-2 Slay+5}
  6215 | D:8      | Found Ahoq's Distillery.
  6234 | D:8      | Found Fokuc's Antique Weapon Shop.
  6254 | D:8      | Reached XP level 10. HP: 73/98 MP: 9/9
  6281 | D:8      | Reached skill level 5 in Throwing
  6423 | D:8      | Found a sand-covered staircase.
  6437 | Ossuary  | Entered an ossuary
  6507 | Ossuary  | Reached **** piety under Dithmenos
  6873 | D:8      | Found Ezec's Distillery.
  6884 | D:8      | Found Aqiliek's Book Shoppe.
  6945 | D:8      | Found a radiant altar of Vehumet.
  7230 | D:8      | Found Dyofruin's Magic Scroll Emporium.
  7233 | D:8      | Bought a scroll of fog for 24 gold pieces
  7256 | D:8      | Bought a potion of heal wounds for 60 gold pieces
  7305 | D:9      | Found Ifoch's Armour Shoppe.
  7489 | D:9      | Noticed Maggie
  7503 | D:9      | Killed Maggie
  7557 | D:9      | Noticed Erica
  7572 | D:9      | Reached ***** piety under Dithmenos
  7595 | D:9      | Reached skill level 11 in Unarmed Combat
  7685 | D:9      | Found a shimmering blue altar of Sif Muna.
  7914 | D:10     | Entered Level 10 of the Dungeon
  7938 | D:10     | Noticed Joseph
  7951 | D:10     | Killed Joseph
  7952 | D:10     | Reached skill level 1 in Armour
  8026 | D:10     | Found a glowing golden altar of the Shining One.
  8480 | D:9      | Bought a +1 hat for 143 gold pieces
  8583 | D:10     | Reached skill level 5 in Evocations
  8583 | D:10     | Reached XP level 11. HP: 48/107 MP: 10/10
  8837 | D:11     | Found a staircase to the Lair.
  9087 | D:11     | Found Fatemasch's Antique Weapon Boutique.
  9099 | D:11     | Found a staircase to the Orcish Mines.
  9137 | D:11     | Found a white marble altar of Elyvilon.
  9142 | D:11     | Noticed a two-headed ogre
  9146 | D:11     | Killed a two-headed ogre
  9510 | D:8      | Bought a potion of flight for 36 gold pieces
  9955 | Orc:1    | Entered Level 1 of the Orcish Mines
 10134 | Orc:1    | Reached skill level 1 in Invocations
 10255 | Orc:1    | Noticed an orc knight
 10352 | Orc:2    | Entered Level 2 of the Orcish Mines
 10352 | Orc:2    | Found Ysoonuusu's Magic Scroll Boutique.
 10352 | Orc:2    | Noticed an orc warlord
 10352 | Orc:2    | Noticed an orc sorcerer
 10403 | Orc:1    | Killed an orc knight
 10691 | Orc:2    | Found a staircase to the Elven Halls.
 10697 | Orc:2    | Bought a scroll of noise for 11 gold pieces
 10826 | Orc:2    | Noticed an orc high priest
 10899 | Orc:2    | Killed an orc high priest
 10900 | Orc:2    | Reached skill level 5 in Invocations
 11491 | Orc:2    | Killed an orc warlord
 11492 | Orc:2    | Reached XP level 12. HP: 103/118 MP: 14/16
 11889 | Orc:1    | Reached ****** piety under Dithmenos
 12157 | Orc:2    | Found Padul's Armour Emporium.
 12157 | Orc:2    | Found Golastai's Book Shop.
 12531 | Orc:2    | Reached skill level 10 in Invocations
 12568 | Orc:2    | Found Woluf's Jewellery Emporium.
 12568 | Orc:2    | Found Owozeut's Distillery.
 12872 | D:8      | Bought a potion of magic for 96 gold pieces
 12895 | D:8      | Bought a scroll of immolation for 42 gold pieces
 12895 | D:8      | Bought a scroll of holy word for 90 gold pieces
 12895 | D:8      | Bought a scroll of teleportation for 36 gold pieces
 12895 | D:8      | Bought a scroll of teleportation for 36 gold pieces
 12895 | D:8      | Bought a scroll of fear for 42 gold pieces
 12956 | Lair:1   | Entered Level 1 of the Lair of Beasts
 13079 | Lair:1   | Noticed a seven-headed hydra
 13097 | Lair:1   | Slain by a seven-headed hydra

Illustrated notes

Levels and vault maps discovered:
D:1:      lightli_arrival_boilingwater, layout_loops_ring,
          ebering_ecumenical_altar_box, minmay_octomino_j4
D:2:      layout_loops_ring, serial_shops, shop, nicolae_shop_behind_doors,
          serial_bayou_pond_c, minmay_crystal_room, minmay_split_cup_small,
          uniq_terence
D:3:      layout_basic, grunt_dithmenos_smoke, minmay_large_rounded_square
D:4:      layout_basic, grunt_temple_overflow_champion_of_chaos,
          kennysheep_ying_yang
D:5:      layout_basic, lemuel_tele_altar, uniq_edmund, uniq_sigmund,
          uniq_duvessa, uniq_crazy_yiuf_cottage
D:6:      layout_basic, lemuel_doored_altar, minmay_temple_entry_grid
D:7:      layout_basic, nicolae_overflow_crystal_walls,
          cheibrodos_ashenzari_chains
D:8:      layout_basic, kennysheep_little_box, nicolae_ossuary_entry_catacombs,
          serial_shops, kennysheep_mini_moat,
          nicolae_shop_competitors_out_of_business, nicolae_shop_stone, shop,
          nicolae_shop_stone
D:9:      layout_gridville, led_sif_pool, nicolae_overflow_hidden_temple,
          serial_shops, shop, uniq_erica, uniq_maggie
D:10:     layout_roguey, nicolae_tso_carved_into_rock, uniq_joseph
D:11:     layout_cave_pods, david_lair_generic, serial_shops, shop,
          minmay_misc_feat_more_columns, elyvilon_altar_5
Lair:1:   layout_roguey
Orc:1:    layout_caves
Orc:2:    st_orc_town, layout_diamond_mine, serial_shops, shop

Skill      XL: |  1  2  3  4  5  6  7  8  9 10 11 12 |
---------------+-------------------------------------+-----
Unarmed Combat | 1 2 3 5 7 9 10 11 | 11.6
Fighting       | 2 3 4 5 6 7 |  7.1
Throwing       | 4 6 |  6.8
Evocations     | 2 3 5 |  5.0
Dodging        | 3 4 |  4.2
Armour         | 1 2 |  2.7
Invocations    | 7 10 | 10.7
Stealth        | |  0.3

Action                   |  1- 3 |  4- 6 |  7- 9 | 10-12 || total
-------------------------+-------+-------+-------+-------++-------
Melee: Unarmed           |    92 |   183 |   264 |   829 ||  1368
       Short sword       |     1 |       |       |       ||     1
       Punch             |     1 |     2 |    10 |    54 ||    67
Throw: Throwing net      |       |       |     3 |       ||     3
       Large rock        |       |       |     1 |     7 ||     8
       Boomerang         |       |       |       |    36 ||    36
Evoke: Wand              |       |       |     1 |     2 ||     3
  Use: Potion            |       |       |     1 |       ||     1
       Scroll            |       |       |     7 |     4 ||    11
 Stab: Sleeping          |     1 |     2 |     4 |     2 ||     9
       Invisible         |       |     2 |       |       ||     2
       Distracted        |       |       |     1 |       ||     1
Armor: Robe              |    31 |    44 |    47 |    25 ||   147
       Acid dragon scale |       |       |       |    87 ||    87
       Troll leather arm |       |       |       |    85 ||    85
Dodge: Dodged            |    41 |    71 |   144 |   428 ||   684

Table legend: (Time is in decaauts)
 A = Elapsed time spent in this place.
 B = Non-inter-level travel time spent in this place.
 C = Inter-level travel time spent in this place.
 D = Time resting spent in this place.
 E = Time spent auto-exploring this place.
 F = Levels seen in this place.
 G = Mean time per level.
                   A        B        C        D        E       F      G
               +--------+--------+--------+--------+--------+-----+--------+
         Total |  12925 |  11481 |   1444 |    255 |   8049 |  15 |  861.7 |
       Dungeon |   9735 |   8469 |   1266 |    141 |   6559 |  11 |  885.0 |
          Lair |    137 |    137 |      0 |      0 |     81 |   1 |  137.0 |
  Orcish Mines |   2759 |   2582 |    177 |     66 |   1331 |   2 | 1379.5 |
       Ossuary |    292 |    292 |      0 |     47 |     78 |   1 |  292.0 |
               +--------+--------+--------+--------+--------+-----+--------+

Top non-repeatable levels by time:
   Orc:2: 1906 daAuts
     D:5: 1351 daAuts
    D:11: 1077 daAuts
     D:6: 1069 daAuts
     D:7: 914 daAuts
     D:2: 895 daAuts
     D:8: 888 daAuts
   Orc:1: 853 daAuts
     D:9: 761 daAuts
     D:4: 741 daAuts
     D:3: 711 daAuts
     D:1: 679 daAuts
    D:10: 645 daAuts
 Ossuary: 292 daAuts
  Lair:1: 137 daAuts
